 Dungeon Crawl Stone Soup version 0.26.1-11-gd32895ea62 (webtiles) character file.

Game seed: 7055886956506286383

126 bigdumb the Shield-Bearer (level 4, -1/39 (41) HPs)
             Began as a Minotaur Fighter on June 21, 2021.
             Slain by a wight
             ... wielding a +0 halberd
              (10 damage)
             ... on level 3 of the Dungeon on June 26, 2021.
             The game lasted 00:03:03 (1868 turns).

bigdumb the Shield-Bearer (Minotaur Fighter)        Turns: 1868, Time: 00:03:04

HP:   -1/39 (41)    AC:  7    Str: 21    XL:     4   Next: 84%
MP:   3/3           EV: 10    Int:  5    God:
Gold: 129           SH:  0    Dex: 10    Spells: 3/3 levels left

rFire    . . .     SeeInvis .   a - +0 flail
rCold    . . .     Faith    .   t - +0 buckler (curse)
rNeg     . . .     Spirit   .   b - +0 scale mail
rPois    .         Reflect  .   (helmet restricted)
rElec    .         Harm     .   (no cloak)
rCorr    .         Rampage  .   (no gloves)
Will     .....                  (no boots)
Stlth    ..........             (no amulet)
HPRegen  0.13/turn              (no ring)
MPRegen  0.08/turn              (no ring)

@: confused, mighty, lethally poisoned (-1 -> -3), attractive, hasted, lightly
drained, very quick
A: retaliatory headbutt, horns 2
a: no special abilities


You were on level 3 of the Dungeon.
You visited 1 branch of the dungeon, and saw 3 of its levels.

You collected 129 gold pieces.

Inventory:

Hand Weapons
 a - a +0 flail (weapon)
Armour
 b - a +0 scale mail (worn)
 c - a +0 kite shield
 t - a cursed +0 buckler (worn)
Jewellery
 j - a +4 ring of evasion {unknown}
 p - a cursed ring of ice {unknown}
 u - an uncursed amulet of regeneration {unknown}
Scrolls
 e - a scroll of immolation {unknown}
 f - 4 scrolls of identify {unknown}
 h - 2 scrolls of blinking {unknown}
 i - 4 scrolls of remove curse {unknown}
 l - a scroll of teleportation {unknown}
 n - a scroll of random uselessness {unknown}
 s - a scroll of fog {unknown}
Potions
 d - a potion of might
 m - a potion of heal wounds {unknown}
 o - a potion of haste
 q - a potion of mutation {unknown}
 r - a potion of invisibility {unknown}
 v - 2 potions of cancellation {unknown}
 w - 2 potions of resistance {unknown}
 x - a potion of brilliance {unknown}


   Skills:
 + Level 4.3 Fighting
 + Level 3.9 Maces & Flails
 + Level 4.5 Armour
 + Level 0.9 Dodging
 + Level 4.5 Shields


You had 3 spell levels left.
You didn't know any spells.
Your spell library was empty.

Dungeon Overview and Level Annotations

Branches:
Dungeon (3/15)

Altars:


Innate Abilities, Weirdness & Mutations

You reflexively headbutt those who attack you in melee.
You have a pair of horns on your head.


Message History

You feel sick.
The wight hits you from afar with a cursed +2 spear.
* * * LOW HITPOINT WARNING * * *
You feel drained.
* * * LOW HITPOINT WARNING * * *
Your life force feels restored.
It was a potion of attraction.
You feel attractive to monsters.
The wight hits you from afar with a +0 halberd.
* * * LOW HITPOINT WARNING * * *
You feel drained. The wight hits you but does no damage.
It was a potion of ambrosia.
You are confused.
You feel invigorated.
The wight hits you with a cursed +4 war axe.
* * * LOW HITPOINT WARNING * * *
You feel drained. The wight barely misses you. The wight is pulled toward you!
The wight hits you from afar with a +0 halberd!
You die...

....###. ...........
.....#.. .. .........
........# . .........
.......#.# #........ #>
>.....#. ##........
...##...... ...>.....
.(....##.######........ ##
#.#.#.##.....zzz....$.. ...
#.#.#...###@.##z.......
#..###...........###.(......
..........#.......##(.......
..........#........#).......
......†.....................
.......).........#.!(.......
.................#..#.......
.................##..#......
...................#..$.....


You could see 3 wights.

Vanquished Creatures
  A wight (D:3)
  Ijyb (D:3)
  A worm (D:2)
  2 dart slugs
  3 leopard geckos
  6 bats
  4 giant cockroaches (D:1)
  6 hobgoblins
  7 kobolds
  A quokka (D:2)
  2 ball pythons (D:1)
  5 frilled lizards
  2 goblins
  10 rats
51 creatures vanquished.

Notes
Turn   | Place    | Note
-------+----------+-------------------------------------------
     0 | D:1      | bigdumb the Minotaur Fighter began the quest for the Orb.
     0 | D:1      | Reached XP level 1. HP: 19/19 MP: 0/0
   187 | D:1      | Reached XP level 2. HP: 22/27 MP: 1/1
   607 | D:1      | Reached XP level 3. HP: 33/33 MP: 2/2
  1835 | D:3      | Noticed Ijyb
  1848 | D:3      | Killed Ijyb
  1849 | D:3      | Reached XP level 4. HP: 39/40 MP: 3/3
  1868 | D:3      | Slain by a wight

Illustrated notes

Levels and vault maps discovered:
D:1:      roderic_octagonal_star, layout_basic, minmay_small_reverse_x
D:2:      layout_basic
D:3:      layout_rooms, minivault_23, uniq_ijyb, uniq_sigmund, uniq_robin

Skill      XL: |  1  2  3 |
---------------+----------+-----
Fighting       | 4 |  4.3
Shields        | 4 |  4.5
Armour         | 4 |  4.5
Maces & Flails | 3 |  3.9
Dodging        | |  0.9

Action                   |  1- 3 |  4- 6 || total
-------------------------+-------+-------++-------
Melee: Flail             |   118 |     5 ||   123
       Headbutt          |    18 |     2 ||    20
  Use: Potion            |       |     4 ||     4
Armor: Scale mail        |    50 |     2 ||    52
Dodge: Dodged            |    33 |    11 ||    44
Block: Kite shield       |    41 |       ||    41
       Buckler           |    11 |     6 ||    17
